 Dungeon Crawl Stone Soup version 0.30-a0-137-gd8773701ce (webtiles) character file.

Game seed: 11696338449313126089

70 KennySheep the Gusty (level 4, -4/26 HPs)
             Began as a Tengu Air Elementalist on Sept 24, 2022.
             Was a Believer of Trog.
             Killed by divine providence
             ... invoked by an orc priest
              (15 damage)
             ... on level 3 of the Dungeon.
             The game lasted 00:08:02 (3395 turns).

KennySheep the Gusty (Tengu Air Elementalist)       Turns: 3395, Time: 00:08:03

Health: -4/26      AC:  3    Str:  9    XL:     4   Next: 22%
Magic:  8/8        EV: 12    Int: 15    God:    Trog [**....]
Gold:   108        SH:  0    Dex: 16    Spells: 6/7 levels left

rFire   . . .      SeeInvis .    p - +0 long sword
rCold   . . .      Faith    .    (no shield)
rNeg    . . .      Spirit   .    f - +0 leather armour
rPois   .          Reflect  .    (helmet restricted)
rElec   .          Harm     .    (no cloak)
rCorr   .          Rampage  .    (no gloves)
Will    .....                    (boots unavailable)
Stlth   ++........               (no amulet)
HPRegen 0.08/turn                (no ring)
MPRegen 0.11/turn                (no ring)

@: no status effects
A: beak, talons 3
a: Renounce Religion, Berserk, Trog's Hand


You were on level 3 of the Dungeon.
You worshipped Trog.
Trog was pleased with you.
You visited 1 branch of the dungeon, and saw 3 of its levels.

You collected 108 gold pieces.

Inventory:

Hand Weapons
 g - a +0 dagger
 i - a +0 spear
 p - a +0 long sword (weapon)
Armour
 a - a +0 robe
 f - a +0 leather armour (worn)
Jewellery
 s - an amulet of regeneration
Scrolls
 e - 3 scrolls of immolation {unknown}
 h - 2 scrolls of vulnerability {unknown}
 j - a scroll of magic mapping {unknown}
 m - 2 scrolls of fear {unknown}
 o - a scroll of enchant weapon {unknown}
 q - a scroll of teleportation {unknown}
 r - a scroll of identify {unknown}
Potions
 b - a potion of magic
 c - 2 potions of ambrosia {unknown}
 d - a potion of might {unknown}
 k - a potion of berserk rage {unknown}
 l - a potion of haste {unknown}
 n - a potion of mutation {unknown}


   Skills:
 + Level 1.6 Fighting
 * Level 0.9 Long Blades
 - Level 0.9 Polearms
 + Level 1.8 Armour
 + Level 3.1 Dodging
 - Level 2.0 Stealth
 - Level 2.0 Spellcasting
 - Level 1.5 Conjurations
 - Level 4.0 Air Magic


You had 6 spell levels left.
You knew the following spells:

 Your Spells              Type           Power      Damage    Failure   Level
a - Shock                 Conj/Air       36%        1d5       10%         1

Your spell library contained the following spells:

 Spells                   Type           Power      Damage    Failure   Level
 Static Discharge         Conj/Air       18%        2-3/arc   14%         2
 Swiftness                Air            13%        N/A       17%         3
 Airstrike                Air            6%         2d(1-17)  50%         4


Dungeon Overview and Level Annotations

Branches:
Dungeon (3/15)

Altars:
Trog
Vehumet

Annotations:
D:3 3 runed translucent doors, KennySheep's ghost, weakling TeGl; Valamore's ghost, weakling MeFi


Innate Abilities, Weirdness & Mutations

You have a beak for a mouth.
You have claws for feet.


Message History

KennySheep's ghost turns its malevolent gaze towards you.
Found a dagger.
KennySheep's ghost whispers, "The ORB doesn't exist."
An orc comes into view. It is wielding a +0 trident.
An orc is nearby!
A rat comes into view.
A goblin, an orc priest, 2 orcs and an orc wizard come into view.
The goblin is carrying a wand of flame (20).
Found a radiant altar of Vehumet.
The goblin shouts!
The orc shouts!
The orc wizard shouts!
The orc wizard gestures wildly while chanting.
The orc wizard flickers and vanishes!
Deactivating autopickup; reactivate with Ctrl-A.
The orc barely misses you.
The goblin moves out of view.
The orc moves out of view.
The orc priest shouts!
You hit the orc.
You kill the orc!
Trog accepts your kill. The rat bites you. The rat attacks as you move away!
The rat bites you but does no damage.
You hit the rat. You claw the rat.
You kill the rat!
Trog accepts your kill. The orc hits you with a +0 short sword.
The orc shouts!
You hit the orc. You peck the orc, but do no damage.
The orc is severely wounded.
The orc hits you with a +0 short sword.
You hit the orc.
You kill the orc!
Trog accepts your kill.
You barely miss something.
The goblin zaps a wand.
The puff of flame hits something.
Something hits you.
The orc priest begins to cast a cantrip, but forgets the words!
The goblin zaps a wand.
The puff of flame hits you! Something hits you.
The orc priest invokes the aid of Beogh against you.
Beogh smites you!
Ouch! That really hurt!
You die...

..#._. # ..... #. ..#. .o ...
#.#..## ####### #.#....o#
#.....# #..{..go# #..<..# #)#
#.....# #@# #.....#
#.###.....# #.#...#.#####
#.#.#.......# #.#.#.#.##..#
######..#.......###. #####
##?P⌠P#######........#
##...###8....#..#....#..##...#
#.###.#).....#..#............#


You could see an orc priest, an orc and a goblin.

Vanquished Creatures
  2 worms (D:2)
  A dart slug (D:1)
  2 orcs (D:3)
  6 endoplasms
  5 giant cockroaches
  10 goblins
  6 hobgoblins
  3 jackals (D:3)
  2 kobolds
  2 ball pythons (D:2)
  4 bats
  4 frilled lizards
  8 rats
55 creatures vanquished.

Notes
Turn   | Place    | Note
-------+----------+-------------------------------------------
     0 | D:1      | KennySheep the Tengu Air Elementalist began the quest for
                  | the Orb.
     0 | D:1      | Reached XP level 1. HP: 10/10 MP: 4/4
   217 | D:1      | Found a faded altar of an unknown god.
   222 | D:1      | Prayed at the altar of an unknown god.
   222 | D:1      | Became a worshipper of Trog the Wrathful
   222 | D:1      | Reached * piety under Trog
   814 | D:1      | Reached XP level 2. HP: 8/16 MP: 6/6
  1223 | D:1      | Reached skill level 1 in Armour
  1292 | D:1      | Reached skill level 1 in Fighting
  1328 | D:1      | Reached XP level 3. HP: 20/20 MP: 7/7
  2147 | D:2      | Reached ** piety under Trog
  2646 | D:2      | Found a radiant altar of Vehumet.
  3024 | D:3      | Reached XP level 4. HP: 18/25 MP: 8/8
  3342 | D:3      | Found a runed translucent gate.
  3342 | D:3      | Found a runed translucent gate.
  3342 | D:3      | Found a runed translucent gate.
  3358 | D:3      | Noticed Valamore's ghost (weakling MeFi)
  3358 | D:3      | Noticed KennySheep's ghost (weakling TeGl)
  3389 | D:3      | Found a radiant altar of Vehumet.
  3395 | D:3      | Killed from afar by an orc priest

Illustrated notes

Levels and vault maps discovered:
D:1:      roderic_lyre, layout_loops_ring,
          hellmonk_ecumenical_altar_leap_of_faith, minmay_quantized
D:2:      layout_loops_corners, basic_altar, glass_columns_a
D:3:      layout_loops_cross, vehumet_altar_wand_db, gammafunk_ghost_cemetery

Skill      XL: |  1  2  3 |
---------------+----------+-----
Armour         | 1 |  1.8
Fighting       | 1 |  1.6
Dodging        | 3 |  3.1
Long Blades    | |  0.9
Polearms       | |  0.9
Stealth        | |  2.0
Spellcasting   | |  2.0
Conjurations   | |  1.5
Air Magic      | |  4.0

Action                   |  1- 3 |  4- 6 || total
-------------------------+-------+-------++-------
Melee: Unarmed           |    15 |       ||    15
       Spear             |    81 |       ||    81
       Kick              |    24 |     2 ||    26
       Peck              |    10 |     1 ||    11
       Long sword        |    21 |    13 ||    34
 Cast: Shock             |     2 |       ||     2
 Stab: Sleeping          |     6 |       ||     6
Armor: Leather armour    |    12 |     2 ||    14
Dodge: Dodged            |    51 |     2 ||    53

Table legend: (Time is in decaauts)
 A = Elapsed time spent in this place.
 B = Non-inter-level travel time spent in this place.
 C = Inter-level travel time spent in this place.
 D = Time resting spent in this place.
 E = Time spent auto-exploring this place.
 F = Levels seen in this place.
 G = Mean time per level.
                   A        B        C        D        E       F      G
               +--------+--------+--------+--------+--------+-----+--------+
         Total |   3410 |   3244 |    166 |    557 |   2260 |   3 | 1136.7 |
       Dungeon |   3410 |   3244 |    166 |    557 |   2260 |   3 | 1136.7 |
               +--------+--------+--------+--------+--------+-----+--------+

Top non-repeatable levels by time:
     D:1: 2045 daAuts
     D:2: 924 daAuts
     D:3: 440 daAuts
